 Dungeon Crawl Stone Soup version 0.21.1-1-g345015fe64 (webtiles) character file.

87110 Oravi the Black Belt (level 15, -3/101 HPs)
             Began as a Merfolk Transmuter on Apr 17, 2018.
             Was the Champion of Qazlal.
             Slain by a white very ugly thing (63 damage)
             ... on level 13 of the Dungeon.
             The game lasted 02:39:45 (29382 turns).

Oravi the Black Belt (Merfolk Transmuter)          Turns: 29382, Time: 02:40:04

Health: -3/101     AC: 13    Str: 12    XL:     15   Next: 89%
Magic:  1/22       EV: 24    Int: 24    God:    Qazlal [******]
Gold:   1395       SH:  8    Dex: 15    Spells: 3/18 levels left

rFire    + . .     SeeInvis +     - Unarmed
rCold    . . .     Gourm    .   (shield currently unavailable)
rNeg     + . .     Faith    .   a - +2 robe {Archmagi}
rPois    .         Spirit   .   (no helmet)
rElec    .         Reflect  .   (no cloak)
rCorr    .         Harm     .   (gloves currently unavailable)
MR       ++...                  j - +1 pair of boots
Stlth    +.........             I - macabre finger necklace {rN+}
HPRegen  0.26/turn              v - ring of see invisible
MPRegen  0.18/turn              U - ring "Soilesut" {Fire Int+5}
                                B - ring of protection from magic

@: icy armour, blade hands, protected from cold, repel missiles, slow
A: change form in water, swift swim, stealthy swim, clever 1, wild magic 1,
MP-powered wands
a: End Transformation, Upheaval, Elemental Force, Disaster Area, Renounce
Religion


You were on level 13 of the Dungeon.
You worshipped Qazlal.
Qazlal was exalted by your worship.
You were not hungry.
You had blades for hands.
You visited 3 branches of the dungeon, and saw 20 of its levels.
You also visited: Labyrinth and Sewer.

You collected 1395 gold pieces.

Inventory:

Missiles
 f - 41 arrows
Armour
 a - a +2 robe of the Archmagi (worn)
 c - a +0 ring mail of cold resistance
 j - a +1 pair of boots (worn)
 o - a +4 scale mail
 C - a +2 robe of cold resistance
 M - the +3 leather armour "Etupsoqi" {rC+}
   (You took it off a gnoll on level 5 of the Dungeon)

   It protects you from cold.
 Z - +0 acid dragon scales
Magical Staves
 W - an uncursed staff of cold (melded)
Jewellery
 b - the amulet "Murom" {+Rage rPois Int+5 Slay+3, unknown}
   (You took it off an orc knight on level 13 of the Dungeon)

   [amulet of rage]

   It affects your intelligence (+5).
   It affects your accuracy and damage with ranged weapons and melee attacks
   (+3).
   It protects you from poison.
   It lets you go berserk.
 q - a +2 ring of strength
 v - a ring of see invisible (left scythe-like blade)
 w - the ring of Balance {MR+ Str+6 Slay-5, unknown}
   (You took it off a centaur on level 13 of the Dungeon)

   [ring of protection from magic]

   It affects your strength (+6).
   It affects your accuracy and damage with ranged weapons and melee attacks
   (-5).
   It affects your resistance to hostile enchantments.
 y - the amulet "Orphuefa" {Harm *Drain rC+, unknown}
   (You took it off a yaktaur on level 13 of the Dungeon)

   [amulet of harm]

   It increases damage dealt and taken.
   It protects you from cold.
   It causes draining when unequipped.
 B - a ring of protection from magic (on amulet)
 F - an uncursed ring of protection from cold
 I - the macabre finger necklace (around neck) {rN+}
   (You found it on level 6 of the Lair of Beasts)

   [amulet of nothing]

   It protects you from negative energy.
 N - an uncursed ring of ice
 P - the amulet of Rimakhlafa {Inacc *Contam rN+ MR+, unknown}
   (You found it on level 13 of the Dungeon)

   [amulet of inaccuracy]

   It reduces the accuracy of all your attacks.
   It protects you from negative energy.
   It affects your resistance to hostile enchantments.
   It causes magical contamination when unequipped.
 U - the ring "Soilesut" (right scythe-like blade) {Fire Int+5}
   (You found it on level 5 of the Lair of Beasts)

   [ring of fire]

   It enhances your fire magic.
   It affects your intelligence (+5).
   It protects you from fire.
   It makes you vulnerable to cold.
 Y - the ring "Uninee" {-Tele MP+9 Str+7 Dex+3}
   (You found it on level 6 of the Lair of Beasts)

   [ring of magical power]

   It affects your strength (+7).
   It affects your dexterity (+3).
   It affects your magic capacity (+9).
   It prevents most forms of teleportation.
Wands
 l - a wand of iceblast (7)
 p - a wand of acid (17)
 E - a wand of random effects (32)
 Q - a wand of scattershot (8)
Scrolls
 h - 7 scrolls of remove curse
 k - 9 scrolls of teleportation
 m - a scroll of identify
 t - 2 scrolls of blinking
 x - 3 scrolls of fear
 A - 3 scrolls of fog
 O - a scroll of magic mapping
Potions
 e - 3 potions of invisibility
 g - a potion of magic
 i - a potion of resistance
 n - 2 potions of cancellation
 r - 2 potions of haste
 s - a potion of ambrosia
 u - 7 potions of curing
 D - 4 potions of brilliance
 G - a potion of mutation
 H - a potion of might
 K - a potion of berserk rage
 L - a potion of heal wounds
Books
 z - a book of Frost

   Spells                             Type                      Level
   a - Freeze                         Ice                          1
   b - Throw Frost                    Conjuration/Ice              2
   c - Ozocubu's Armour               Charms/Ice                   3
   d - Throw Icicle                   Conjuration/Ice              4
   e - Summon Ice Beast               Ice/Summoning                4
 J - a book of Party Tricks

   Spells                             Type                      Level
   a - Summon Butterflies             Summoning                    1
   b - Apportation                    Translocation                1
   c - Lesser Beckoning               Translocation                3
   d - Tukima's Dance                 Hexes                        3
   e - Alistair's Intoxication        Transmutation/Poison         5
   f - Invisibility                   Hexes                        6
Miscellaneous
 X - a phial of floods
Comestibles
 d - 44 rations


   Skills:
 + Level 4.6 Fighting
 * Level 16.0 Dodging
 + Level 18.3 Unarmed Combat
 - Level 2.0 Spellcasting
 + Level 1.0 Charms
 * Level 15.4 Transmutations
 - Level 6.0 Ice Magic
 - Level 5.0 Poison Magic
 * Level 10.3 Invocations


You had 3 spell levels left.
You knew the following spells:

 Your Spells              Type           Power        Failure   Level  Hunger
a - Blade Hands           Tmut           #######...   17%         5    ######.
b - Ozocubu's Armour      Chrm/Ice       #####...     52%         3    ###....
c - Spider Form           Tmut/Pois      #######...   17%         3    ###....
d - Ice Form              Ice/Tmut       #######.     24%         4    #####..


Dungeon Overview and Level Annotations

Branches:
Dungeon (13/15)            Temple (1/1) D:4            Lair (6/6) D:9
 Shoals (0/4) Lair:4        Snake (0/4) Lair:3        Slime (0/5) Lair:6
    Orc (0/2) D:11         Vaults (0/5) D:13

Altars:
Ashenzari
Cheibriados
Dithmenos
Elyvilon
Fedhas
Gozag
Hepliaklqana
Kikubaaqudgha
Makhleb
Nemelex Xobeh
Okawaru
Qazlal
Ru
Sif Muna
Trog
Uskayaw
Vehumet
Wu Jian
Xom
Yredelemnul
Zin
The Shining One

Shops:
D:8 [

Portals:
Trove: D:10 (show slimy rune of Zot)

Annotations:
D:11 try down
D:13 2 runed doors


Innate Abilities, Weirdness & Mutations

You revert to your normal form in water.
You are very nimble and swift while swimming.
You are very stealthy in the water. (Stealth+)
Your mind is acute. (Int +2)
Your spells are a little harder to cast, but a little more powerful.
You expend magic power (3 MP) to strengthen your wands.


Message History

The white very ugly thing is moderately wounded.
The white very ugly thing barely misses you.
You slice the white very ugly thing!!
The white very ugly thing is heavily wounded.
You block the white very ugly thing's attack.
You hit the white very ugly thing.
The white very ugly thing is heavily wounded.
You hit the white very ugly thing but do no damage.
The white very ugly thing is heavily wounded.
The white very ugly thing barely misses you.
You slice the white very ugly thing!!
The white very ugly thing is severely wounded.
You slash the white very ugly thing!
The white very ugly thing is severely wounded.
The white very ugly thing stings you!
The white very ugly thing freezes you!!!
You feel a terrible chill!
You feel protected from cold.
Ouch! That really hurt!
You die...

.####..............#.......+..###
.#..###......).....#......[..##
..#..####..........#.....)(#.##
..#..#..)##........'......(#..###
#..#.....####......######)##...##
#..#...[#.#####..).[.)...........
.#......#+#######.............#..
.....#..#..GD#####)....)....).#..
...###(.#..cocHu@.#..#######[.#..
....#(..#..ZW###§.#..#.....#..#..
........#+####.§..#..#.....#.[#..
#.....((#.##....#.#..#.....'<.###
#.#......#....#...#..#.....#)....
....#.......#...#.#..#.....#..(..
#.#...........#...#..#.....#.####
#........#......#.#..#.....#.#...
....####.###......#..#.....#.#...


You could see an orc warlord, a white very ugly thing, a yaktaur captain, a
manticore, an eye of draining, a wraith, an acid dragon, a centaur and a centaur
warrior skeleton.

Vanquished Creatures
  Rupert (D:13)
  A storm dragon (D:13)
  Azrael (D:13)
  Josephine (D:12)
  A minotaur (Lab)
  Erolcha (D:13)
  Fannar (Lair:1)
  A rakshasa (D:13)
  4 vault guards
  5 hydras
  Erica (D:10)
  A centaur warrior (D:13)
  A catoblepas (Lair:4)
  A merfolk avatar (Lair:6)
  12 death yaks
  10 two-headed ogres
  A tengu warrior (D:13)
  Nergalle (D:12)
  2 unseen horrors (D:13)
  A deep elf mage (D:12)
  A harpy (Lair:6)
  An orc knight (D:13)
  3 ugly things
  3 cyclopes (D:13)
  6 manticores
  14 elephants
  A merfolk siren (Lair:4)
  3 black mambas
  5 gargoyles
  3 centaur skeletons
  4 rime drakes
  7 spiny frogs
  A yaktaur (D:13)
  3 komodo dragons
  The ghost of DwarfAlpaca the Skirmisher, an amateur NaMo (D:3)
  2 tengu conjurers (D:13)
  A merfolk (Lair:4)
  4 trolls
  A wind drake (Lair:6)
  10 polar bears
  12 blink frogs
  5 slime creatures (D:13)
  9 hippogriffs
  3 wraiths (D:12)
  Sigmund (D:6)
  4 wyverns
  2 vampires
  5 fire elementals (D:13)
  Grum (D:10)
  50 yaks
  The ghost of DwarfAlpaca the Charmwright, an amateur GnWn (D:4)
  2 basilisks
  4 vampire mosquitoes (D:13)
  2 nagas (Lair:3)
  4 wargs (D:13)
  2 hell hounds
  Edmund (D:6)
  4 acid dragons
  Duvessa (D:6)
  5 porcupines
  17 water moccasins
  A swamp drake (shapeshifter) (D:13)
  8 ice beasts
  8 orc warriors
  3 sky beasts
  3 phantoms
  2 necrophages
  10 wolves
  An eye of draining (D:13)
  8 black bears
  8 ogres
  11 crocodiles
  22 centaurs
  2 big kobolds
  28 bullfrogs
  Dowan (D:6)
  3 scorpions
  5 killer bees (D:13)
  11 wights
  14 howler monkeys
  An electric eel (D:12)
  6 crimson imps
  A quasit (D:8)
  4 centaur zombies
  A bullfrog zombie (D:10)
  8 jellies
  2 bullfrog skeletons
  6 orc priests
  9 hounds
  18 orc wizards
  5 iguanas
  4 hell rats (Lair:4)
  Natasha (thrice) (D:3)
  6 worker ants
  A mummy (D:7)
  34 gnolls
  A worker ant zombie (D:11)
  A howler monkey skeleton (D:10)
  16 adders
  10 river rats
  2 shadow imps
  2 oozes
  An adder zombie (D:6)
  7 worms
  2 dart slugs
  6 leopard geckos
  45 orcs
  3 bats (D:1)
  15 giant cockroaches
  10 goblins
  7 hobgoblins
  28 jackals
  6 quokkas
  7 ball pythons
  9 frilled lizards
  A hobgoblin zombie (D:7)
  18 kobolds
  A kobold zombie (D:7)
  A leopard gecko zombie (D:6)
  2 orc zombies (D:7)
  6 rats
722 creatures vanquished.

Vanquished Creatures (others)
  An iguana (D:13)
  11 fungi
  13 plants
25 creatures vanquished.

Grand Total: 747 creatures vanquished

Notes
Turn   | Place    | Note
-------+----------+-------------------------------------------
     0 | D:1      | Oravi the Merfolk Transmuter began the quest for the Orb.
     0 | D:1      | Reached XP level 1. HP: 15/15 MP: 3/3
   230 | D:1      | Reached XP level 2. HP: 21/21 MP: 1/5
  1216 | D:2      | Reached XP level 3. HP: 17/26 MP: 4/6
  1220 | D:2      | Learned a level 2 spell: Sticks to Snakes
  1224 | D:2      | Learned a level 3 spell: Spider Form
  1509 | D:2      | Found a white marble altar of Elyvilon.
  1740 | D:2      | Found a glowing silver altar of Zin.
  1810 | D:2      | Reached XP level 4. HP: 22/32 MP: 1/7
  1941 | D:2      | Reached skill level 4 in Unarmed Combat
  2180 | D:3      | Reached skill level 1 in Poison Magic
  2417 | D:3      | Noticed DwarfAlpaca's ghost (amateur NaMo)
  2451 | D:3      | Reached XP level 5. HP: 37/37 MP: 4/8
  2452 | D:3      | Noticed Natasha
  2513 | D:3      | Killed Natasha
  3093 | D:3      | Found a shimmering altar of Xom.
  3093 | D:3      | Found a burning altar of Makhleb.
  3098 | D:3      | Found a shattered altar of Ashenzari.
  3100 | D:3      | Found a sacrificial altar of Ru.
  3102 | D:3      | Found a faded altar of an unknown god.
  3154 | D:3      | Noticed Natasha
  3161 | D:3      | Killed Natasha
  3161 | D:3      | Reached skill level 5 in Transmutations
  3226 | D:3      | Noticed Natasha
  3235 | D:3      | Killed Natasha
  3915 | D:4      | Reached XP level 6. HP: 43/43 MP: 5/9
  4342 | D:4      | Noticed DwarfAlpaca's ghost (amateur GnWn)
  4343 | D:4      | Noticed a phantom
  4688 | D:4      | Killed a phantom
  4828 | D:4      | Found a staircase to the Ecumenical Temple.
  4837 | Temple   | Entered the Ecumenical Temple
  4858 | Temple   | Became a worshipper of Qazlal Stormbringer
  5017 | D:4      | Reached skill level 5 in Unarmed Combat
  5017 | D:4      | Reached XP level 7. HP: 23/48 MP: 3/10
  6280 | D:5      | Entered Level 5 of the Dungeon
  6752 | D:5      | Reached skill level 6 in Unarmed Combat
  6834 | D:5      | Reached * piety under Qazlal
  6961 | D:5      | Reached XP level 8. HP: 55/56 MP: 8/11
  7340 | D:5      | Reached skill level 7 in Unarmed Combat
  7608 | D:5      | Reached ** piety under Qazlal
  7663 | D:5      | Reached skill level 5 in Dodging
  7711 | D:5      | Reached skill level 5 in Poison Magic
  7855 | D:6      | Found a bloodstained altar of Trog.
  7869 | D:6      | Found a snail-covered altar of Cheibriados.
  7897 | D:6      | Found an iron altar of Okawaru.
  7909 | D:6      | Noticed Sigmund
  7909 | D:6      | Noticed Edmund
  7916 | D:6      | Killed Sigmund
  7922 | D:6      | Killed Edmund
  7922 | D:6      | Reached skill level 8 in Unarmed Combat
  7922 | D:6      | Reached XP level 9. HP: 34/61 MP: 9/12
  8327 | D:6      | Found a glowing drain.
  8330 | D:6      | Reached skill level 9 in Unarmed Combat
  8342 | Sewer    | Entered a sewer
  8357 | Sewer    | Reached *** piety under Qazlal
  8686 | D:6      | Noticed Duvessa
  8687 | D:6      | Noticed Dowan
  8695 | D:6      | Killed Duvessa
  8705 | D:6      | Killed Dowan
  9130 | D:7      | Reached skill level 10 in Transmutations
  9338 | D:7      | Reached XP level 10. HP: 66/68 MP: 9/13
  9393 | D:7      | Reached skill level 10 in Unarmed Combat
  9404 | D:7      | Reached **** piety under Qazlal
  9767 | D:7      | Reached skill level 1 in Invocations
  9775 | D:7      | HP: 2/68 [ice beast (14)]
 10516 | D:7      | Learned a level 4 spell: Ice Form
 10976 | D:8      | Found an opulent altar of Gozag.
 11120 | D:8      | Reached skill level 11 in Unarmed Combat
 11126 | D:8      | Found Hudiw's Armour Shop.
 11478 | D:9      | Found a staircase to the Lair.
 11481 | D:9      | Noticed a two-headed ogre
 11488 | D:9      | Killed a two-headed ogre
 11735 | D:9      | Noticed a gargoyle
 11747 | D:9      | Killed a gargoyle
 11939 | D:9      | Reached ***** piety under Qazlal
 11990 | D:9      | Reached XP level 11. HP: 55/73 MP: 10/14
 12459 | D:10     | Entered Level 10 of the Dungeon
 12483 | D:10     | Reached skill level 1 in Ice Magic
 12571 | D:10     | Reached skill level 12 in Unarmed Combat
 12597 | D:10     | Noticed a two-headed ogre
 12604 | D:10     | Killed a two-headed ogre
 12604 | D:10     | Reached skill level 10 in Dodging
 12607 | D:10     | Noticed Erica
 12620 | D:10     | Killed Erica
 12659 | D:10     | Noticed Grum
 12669 | D:10     | Killed Grum
 12933 | D:10     | Found a portal to a secret trove of treasure.
 13621 | D:5      | Got a black opal-encrusted leather armour
 13632 | D:5      | Identified the +3 leather armour "Etupsoqi" {rC+} (You took it off a gnoll on level 5 of the Dungeon)
 13674 | D:4      | Killed DwarfAlpaca's ghost
 13793 | D:3      | Killed DwarfAlpaca's ghost
 14414 | D:11     | Noticed a two-headed ogre
 14423 | D:11     | Killed a two-headed ogre
 14480 | D:11     | Noticed a two-headed ogre
 14488 | D:11     | Killed a two-headed ogre
 14541 | D:11     | Noticed a four-headed hydra
 14546 | D:11     | Killed a four-headed hydra
 14566 | D:11     | Noticed a two-headed ogre
 14579 | D:11     | Killed a two-headed ogre
 14579 | D:11     | Reached skill level 13 in Unarmed Combat
 14579 | D:11     | Reached skill level 5 in Invocations
 14579 | D:11     | Reached XP level 12. HP: 51/80 MP: 11/15
 14628 | D:11     | Found a deep blue altar of Sif Muna.
 14662 | D:11     | Identified Sif Muna's Disquisition on the Traveller
 14741 | D:11     | Noticed a two-headed ogre
 14746 | D:11     | Killed a two-headed ogre
 14799 | D:11     | Noticed a two-headed ogre
 14997 | D:11     | Killed a two-headed ogre
 15421 | D:11     | Found a staircase to the Orcish Mines.
 15642 | D:11     | Learned a level 5 spell: Blade Hands
 15796 | D:12     | Reached skill level 5 in Ice Magic
 15818 | D:12     | Reached ****** piety under Qazlal
 15953 | D:12     | Noticed Nergalle
 16159 | D:12     | Killed Nergalle
 16583 | D:12     | Noticed a two-headed ogre
 16595 | D:12     | Killed a two-headed ogre
 16595 | D:12     | Reached skill level 14 in Unarmed Combat
 16660 | D:12     | Noticed Josephine
 16950 | D:12     | Reached XP level 13. HP: 74/86 MP: 16/18
 17106 | D:12     | Killed Josephine
 17760 | Lair:1   | Entered Level 1 of the Lair of Beasts
 18352 | Lair:1   | Noticed Fannar
 18355 | Lair:1   | Killed Fannar
 18472 | Lair:1   | Reached skill level 15 in Unarmed Combat
 19989 | Lair:2   | Gained mutation: You tend to lose your temper in combat. [potion of mutation]
 19989 | Lair:2   | Gained mutation: Your spells are a little harder to cast, but a little more powerful. [potion of mutation]
 19990 | Lair:2   | Lost mutation: You tend to lose your temper in combat. [potion of mutation]
 19990 | Lair:2   | Lost mutation: Your spells are a little harder to cast, but a little more powerful. [potion of mutation]
 19990 | Lair:2   | Gained mutation: You have a pair of small antennae on your head. [potion of mutation]
 19990 | Lair:2   | Gained mutation: Scrolls take you a little longer to read. [potion of mutation]
 19990 | Lair:2   | Gained mutation: Your spells are a little harder to cast, but a little more powerful. [potion of mutation]
 19991 | Lair:2   | Lost mutation: You have a pair of small antennae on your head. [potion of mutation]
 19991 | Lair:2   | Lost mutation: Scrolls take you a little longer to read. [potion of mutation]
 19991 | Lair:2   | Gained mutation: You expend magic power (3 MP) to strengthen your wands. [potion of mutation]
 19991 | Lair:2   | Gained mutation: Your mind is acute. (Int +2) [potion of mutation]
 20201 | Lair:3   | Found a frozen archway.
 20529 | Lair:3   | Reached XP level 14. HP: 36/94 MP: 11/20
 20924 | Lair:3   | Found a staircase to the Snake Pit.
 20964 | Lair:3   | Reached skill level 16 in Unarmed Combat
 22428 | Lair:4   | Found a staircase to the Shoals.
 22934 | Lair:4   | Found a sparkling altar of Nemelex Xobeh.
 23841 | Lair:5   | Found a labyrinth entrance.
 23850 | Lab      | Entered a labyrinth
 24067 | Lab      | Identified Sif Muna's Disquisition on Augmentations
 24644 | Lair:5   | Got a glittering bronze ring
 24646 | Lair:5   | Identified the ring "Soilesut" {Fire Int+5} (You found it on level 5 of the Lair of Beasts)
 25002 | Lair:6   | Entered Level 6 of the Lair of Beasts
 25209 | Lair:6   | Reached skill level 17 in Unarmed Combat
 25553 | Lair:6   | Found a staircase to the Slime Pits.
 25625 | Lair:6   | Reached XP level 15. HP: 55/100 MP: 18/22
 25751 | Lair:6   | Reached skill level 15 in Dodging
 25773 | Lair:6   | Found the macabre finger necklace {rN+}
 25826 | Lair:6   | Got a crude golden ring
 25860 | Lair:6   | Identified the ring "Uninee" {-Tele MP+9 Str+7 Dex+3} (You found it on level 6 of the Lair of Beasts)
 26715 | D:13     | Noticed Erolcha
 26734 | D:13     | Killed Erolcha
 26777 | D:13     | Noticed Azrael
 26975 | D:13     | Killed Azrael
 27188 | D:13     | Learned a level 3 spell: Ozocubu's Armour
 27273 | D:13     | Noticed Rupert
 27280 | D:13     | Killed Rupert
 27484 | D:13     | Reached skill level 15 in Transmutations
 27497 | D:12     | Reached skill level 10 in Invocations
 27868 | D:13     | Found a gate to the Vaults.
 27912 | D:13     | Reached skill level 18 in Unarmed Combat
 28261 | D:13     | Got a twitching wooden ring
 28279 | D:13     | Found a runed door.
 28279 | D:13     | Noticed an orc warlord
 28281 | D:13     | Found a runed door.
 28281 | D:13     | Found a runed door.
 28283 | D:13     | Noticed a storm dragon
 28779 | D:13     | Got a warped ivory amulet
 28839 | D:13     | Got a steaming copper amulet
 29021 | D:13     | Got a coiled brass amulet
 29055 | D:13     | Reached skill level 1 in Charms
 29376 | D:13     | Killed a storm dragon
 29382 | D:13     | Slain by a white very ugly thing

Skill      XL: |  1  2  3  4  5  6  7  8  9 10 11 12 13 14 15 |
---------------+----------------------------------------------+-----
Transmutations | 3 4 5 6 7 8 10 11 12 13 14 15 | 15.4
Dodging        | 3 4 5 7 9 11 12 13 14 16 | 16.0
Unarmed Combat | 4 5 6 8 9 11 13 14 15 17 18 | 18.3
Poison Magic   | 1 2 4 5 |  5.0
Fighting       | 2 3 4 |  4.6
Invocations    | 3 5 6 8 9 10 | 10.3
Ice Magic      | 3 6 |  6.0
Charms         | 1 |  1.0
Spellcasting   | |  2.0

Action                   |  1- 3 |  4- 6 |  7- 9 | 10-12 | 13-15 || total
-------------------------+-------+-------+-------+-------+-------++-------
Melee: Unarmed           |   101 |   188 |   514 |   691 |   951 ||  2445
       Headbutt          |     7 |       |     3 |       |       ||    10
       Punch             |     1 |       |     2 |       |     8 ||    11
 Cast: Beastly Appendage |    17 |     2 |     2 |       |       ||    21
       Spider Form       |     6 |    28 |    54 |    59 |    18 ||   165
       Sticks to Snakes  |       |    12 |       |       |       ||    12
       Ice Form          |       |       |       |     1 |    41 ||    42
       Blade Hands       |       |       |       |     2 |    10 ||    12
       Ozocubu's Armour  |       |       |       |       |    10 ||    10
Invok: Upheaval          |       |       |       |       |    15 ||    15
 Abil: End Transformatio |       |       |     1 |     4 |     8 ||    13
Evoke: Wand              |       |       |       |    17 |       ||    17
  Use: Scroll            |     2 |     6 |     7 |    12 |     9 ||    36
       Potion            |       |       |     2 |     4 |    12 ||    18
 Stab: Sleeping          |       |     1 |       |       |       ||     1
       Distracted        |       |     4 |       |       |       ||     4
  Eat: Chunk             |     5 |    12 |    18 |    19 |    43 ||    97
       Ration            |       |     1 |     1 |     4 |     4 ||    10
Armor: Robe              |     9 |     7 |     2 |       |    16 ||    34
       Skin              |     1 |     5 |    14 |    21 |   114 ||   155
Dodge: Dodged            |    62 |   146 |   399 |   507 |   627 ||  1741
       Deflected         |       |       |       |     7 |    11 ||    18
Block: Other             |       |       |    34 |   164 |   267 ||   465
